 Dungeon Sprint DCSS version 0.20.1-1-g8b1a95d (webtiles) character file.

10400000 Cral the Conqueror (level 27, -27/298 HPs)
             Began as a Deep Dwarf Gladiator on July 15, 2017.
             Was the Champion of Makhleb.
             Killed from afar by a wretched soul (47 damage)
             ... with a bolt of negative energy
             ... in the Dungeon (Sprint VIII: "Arena of Blood").
             The game lasted 00:03:09 (104 turns).

Cral the Conqueror (Deep Dwarf Gladiator)            Turns: 104, Time: 00:03:09

Health: -27/298    AC:  8    Str: 19    XL:     27
Magic:  37/54      EV: 35    Int: 12    God:    Makhleb [******]
Gold:   0          SH:  0    Dex: 23    Spells: 80/80 levels left

rFire    . . .     SeeInvis .   l - +∞ Axe of Woe
rCold    . . .     Gourm    .   (shield currently unavailable)
rNeg     + . .     Faith    .   b - +0 leather armour
rPois    .         Spirit   .   c - +0 helmet
rElec    .         Reflect  .   (no cloak)
rCorr    .         Harm     .   (no gloves)
MR       ++++.     NoTele   +   (no boots)
Stlth    +++++++++.             (no amulet)
Regen    0.0/turn               (no ring)
MPRegen  0.4/turn               (no ring)

@: non-regenerating, drained
A: damage resistance, heal wounds, negative energy resistance 1, sense
surroundings 3, no regeneration
a: Heal Wounds, Minor Destruction, Lesser Servant of Makhleb, Major Destruction,
Greater Servant of Makhleb, Renounce Religion


You were in the Dungeon.
You worshipped Makhleb.
Makhleb was exalted by your worship.
You were not hungry.

You visited 1 branch

Inventory:

Hand Weapons
 a - a +0 war axe
 l - the +∞ Axe of Woe (weapon)
   (You found it in the Dungeon)
Missiles
 d - 3 throwing nets (quivered)
Armour
 b - a +0 leather armour (worn)
 c - a +0 helmet (worn)
Scrolls
 k - a scroll of blinking
Potions
 e - a potion of curing
 h - a potion of haste
 i - 2 potions of magic
 j - a potion of berserk rage
Comestibles
 f - a bread ration


   Skills:
 O Level 27(25.5) Fighting
 O Level 27(25.5) Axes
 O Level 27(25.5) Throwing
 O Level 27(25.5) Armour
 O Level 27(25.5) Dodging
 O Level 27(25.5) Stealth
 O Level 27(25.5) Unarmed Combat
 O Level 27(25.5) Spellcasting
 O Level 27(25.5) Invocations


You had 80 spell levels left.
You didn't know any spells.

Dungeon Overview and Level Annotations

Branches:
Dungeon (1/1)

Altars:
Makhleb

Annotations:
D The Defiler, The Servant


Innate Abilities, Weirdness & Mutations

You are resistant to damage.
You can heal yourself by infusing magical energy.
You resist negative energy. (rN+)
You passively map a large area around you.
You do not regenerate.


Message History

Unknown command.
Unknown command.
Unknown command.
You feel much better.
You hear a shout! x2
The accursed casts a spell at you. Something smites you!
* * * LOW HITPOINT WARNING * * *
Something bites you!
* * * LOW HITPOINT WARNING * * *
You hear a shout!
Something bites you.
You hear a shout!
The meat berserker rages.
The meat beast is engulfed in blazing flames.
You hear a shout! x2
The destroyer blinks!
A bolt of negative energy appears from out of thin air!
The bolt of negative energy hits you! You partially resist.
You feel drained.
You die...

##### ### ##....
,.=,... , * * ......
,.. .. , , , * ** ,
......##. #.#####.
,, * , ,,
.........,........ ,
, ,
###.....##.##....o ,
.....M.V..o........
, ,,,,
*..{....@.2#.#.Xo...
,, , , ,
...@..O.§oX.oo....#
, * ,
#.......§)XL..O....,
, * , ,,
.#.....Xo§o..X.....
, , ,
§.o......)†.X......
, ,
.{.X...L.).........
,, ,,
W....#....).)#.... ,
...O.#DX.))).# ....
,, ,
..###%..))))###... ,


You could see an accursed, a tentacled monstrosity, a meat beast, 2 tyrants, an
eight-headed meat hydra, a destroyer, 6 large abominations, The Defiler, a
dread, 3 meat berserkers and 7 bags of meat.

Vanquished Creatures
  10 hell beasts (D)
  4 greater mummies (D)
  4 wraiths (D)
  14 vampire knights (D)
  29 ogres (D)
  4 two-headed ogres (D)
  A lich (D)
  A hydra (D)
  39 orcs (D)
  A phantom (D)
  5 skeletal warriors (D)
  3 large abominations (D)
  9 small abominations (D)
  8 crawling corpses (D)
132 creatures vanquished.

Vanquished Creatures (others)
  An orc (D)
  2 crawling corpses (D)
3 creatures vanquished.

Grand Total: 135 creatures vanquished

Notes
Turn   | Place    | Note
-------+----------+-------------------------------------------
     0 | D        | Cral the Deep Dwarf Gladiator began the quest for the Orb.
     0 | D        | Reached XP level 1. HP: 19/19 MP: 1/1
     3 | D        | Noticed a bag of meat
     3 | D        | Noticed a bag of meat
     4 | D        | Became a worshipper of Makhleb the Destroyer
     5 | D        | Killed a bag of meat
     5 | D        | Reached XP level 2. HP: 8/40 MP: 2/2
     5 | D        | Reached XP level 3. HP: 10/48 MP: 3/3
     5 | D        | Reached XP level 4. HP: 11/55 MP: 4/4
     5 | D        | Reached XP level 5. HP: 13/62 MP: 5/5
     5 | D        | Reached XP level 6. HP: 14/70 MP: 6/6
     5 | D        | Reached XP level 7. HP: 15/76 MP: 7/7
     5 | D        | Reached XP level 8. HP: 17/85 MP: 8/8
     5 | D        | Gained mutation: You passively map the area around you. [Deep Dwarf growth]
     5 | D        | Reached XP level 9. HP: 19/92 MP: 9/9
     5 | D        | Reached XP level 10. HP: 20/99 MP: 10/10
     5 | D        | Reached XP level 11. HP: 22/106 MP: 11/11
     9 | D        | Noticed a bag of meat
    11 | D        | Noticed a meat berserker
    12 | D        | Noticed a bag of meat
    13 | D        | Killed a meat berserker
    13 | D        | Reached * piety under Makhleb
    13 | D        | Reached XP level 12. HP: 31/150 MP: 12/12
    13 | D        | Reached XP level 13. HP: 33/158 MP: 13/13
    14 | D        | Noticed a bag of meat
    14 | D        | Noticed a bag of meat
    14 | D        | Killed a bag of meat
    14 | D        | Gained mutation: You resist negative energy. (rN+) [Deep Dwarf growth]
    14 | D        | Reached XP level 14. HP: 36/175 MP: 14/14
    15 | D        | Noticed a large bag of meat
    15 | D        | Noticed a meat berserker
    15 | D        | Noticed a bag of meat
    19 | D        | Killed a bag of meat
    19 | D        | Killed a bag of meat
    19 | D        | Reached ** piety under Makhleb
    19 | D        | Reached skill level 27 in Fighting
    19 | D        | Reached XP level 15. HP: 39/190 MP: 15/15
    20 | D        | Killed a meat berserker
    20 | D        | Reached skill level 27 in Dodging
    20 | D        | Reached XP level 16. HP: 42/200 MP: 16/16
    21 | D        | Noticed a meat berserker
    21 | D        | Reached *** piety under Makhleb
    21 | D        | Reached skill level 27 in Axes
    21 | D        | Killed a large bag of meat
    21 | D        | Reached XP level 17. HP: 56/208 MP: 17/17
    22 | D        | Noticed a meat berserker
    24 | D        | Noticed a meat berserker
    24 | D        | Killed a meat berserker
    25 | D        | Noticed a destroyer
    26 | D        | Noticed a meat berserker
    26 | D        | Killed a meat berserker
    26 | D        | Reached **** piety under Makhleb
    26 | D        | Reached skill level 27 in Unarmed Combat
    26 | D        | Gained mutation: You passively map a large area around you. [Deep Dwarf growth]
    26 | D        | Reached XP level 18. HP: 137/218 MP: 18/18
    27 | D        | Killed a meat berserker
    29 | D        | Killed a destroyer
    29 | D        | Reached skill level 27 in Throwing
    29 | D        | Reached XP level 19. HP: 210/226 MP: 19/19
    31 | D        | Killed a meat berserker
    32 | D        | Noticed a destroyer
    32 | D        | Reached ***** piety under Makhleb
    32 | D        | Reached skill level 27 in Armour
    33 | D        | Reached XP level 20. HP: 236/236 MP: 19/34
    35 | D        | Noticed a destroyer
    36 | D        | Killed a destroyer
    36 | D        | Reached skill level 27 in Invocations
    37 | D        | Noticed The Servant
    37 | D        | Noticed a meat berserker
    38 | D        | Noticed a meat berserker
    40 | D        | Noticed a destroyer
    40 | D        | Noticed a destroyer
    40 | D        | Noticed a destroyer
    41 | D        | Noticed a meat berserker
    41 | D        | Reached skill level 27 in Stealth
    41 | D        | Reached skill level 10 in Spellcasting
    41 | D        | Killed a destroyer
    41 | D        | Reached XP level 21. HP: 62/244 MP: 20/45
    41 | D        | Reached ****** piety under Makhleb
    42 | D        | Killed a destroyer
    42 | D        | Reached skill level 27 in Spellcasting
    42 | D        | Reached XP level 22. HP: 216/254 MP: 21/53
    45 | D        | Noticed a destroyer
    46 | D        | Killed a destroyer
    46 | D        | Reached XP level 23. HP: 262/262 MP: 22/54
    47 | D        | Noticed a large bag of meat
    48 | D        | Noticed an accursed
    49 | D        | Noticed a destroyer
    50 | D        | Noticed a destroyer
    51 | D        | Noticed an accursed
    52 | D        | Killed a destroyer
    52 | D        | Reached XP level 24. HP: 272/272 MP: 23/54
    53 | D        | Killed an accursed
    53 | D        | Killed a destroyer
    54 | D        | Noticed a destroyer
    54 | D        | Reached XP level 25. HP: 277/277 MP: 24/54
    55 | D        | Noticed a destroyer
    56 | D        | Noticed an accursed
    57 | D        | Killed an accursed
    57 | D        | Reached XP level 26. HP: 287/287 MP: 25/54
    57 | D        | Killed a destroyer
    58 | D        | Reached XP level 27. HP: 295/295 MP: 25/54
    58 | D        | Killed a large bag of meat
    58 | D        | Killed a destroyer
    65 | D        | Noticed a dread
    66 | D        | Killed a dread
    67 | D        | Noticed a meat beast
    67 | D        | Killed a destroyer
    68 | D        | Noticed a dread
    68 | D        | Killed a destroyer
    69 | D        | Noticed an accursed
    69 | D        | Noticed a large bag of meat
    70 | D        | Killed a meat beast
    70 | D        | Noticed a destroyer
    71 | D        | Noticed a dread
    73 | D        | Killed a large bag of meat
    75 | D        | Noticed a meat beast
    75 | D        | Noticed a dread
    75 | D        | Noticed a meat beast
    75 | D        | Killed an accursed
    75 | D        | Killed a destroyer
    76 | D        | Noticed a meat beast
    78 | D        | Killed a meat beast
    79 | D        | Killed a meat beast
    79 | D        | Killed a dread
    80 | D        | Killed a dread
    80 | D        | Killed a dread
    81 | D        | Noticed a meat beast
    81 | D        | Noticed a meat beast
    81 | D        | Noticed a meat beast
    81 | D        | Killed a meat beast
    82 | D        | Noticed a meat beast
    82 | D        | Noticed a meat beast
    83 | D        | Killed a meat beast
    84 | D        | Killed a meat beast
    84 | D        | Killed a meat beast
    85 | D        | Killed an accursed
    87 | D        | Noticed a destroyer
    87 | D        | Killed a meat beast
    88 | D        | Noticed a meat beast
    90 | D        | Killed a destroyer
    92 | D        | Killed a meat beast
    93 | D        | Noticed a large bag of meat
    94 | D        | Killed a meat beast
    96 | D        | Noticed a tyrant
    96 | D        | Noticed an accursed
    96 | D        | Noticed a destroyer
    98 | D        | Noticed a tyrant
    98 | D        | Noticed an accursed
    99 | D        | Noticed a tyrant
   100 | D        | Noticed a meat beast
   100 | D        | Noticed The Defiler
   101 | D        | Killed a destroyer
   102 | D        | Killed a large bag of meat
   102 | D        | Killed a tyrant
   104 | D        | Noticed a dread
   104 | D        | Noticed a destroyer
   104 | D        | Killed from afar by a wretched soul

Skill      XL: |  1  2  3  4  5  6  7  8  9 10 11 12 13 14 15 16 17 18 19 20 21 |
---------------+----------------------------------------------------------------+-----
Fighting       | 9 21 24 27 | 27.0
Axes           | 19 25 27 | 27.0
Throwing       | 9 14 27 | 27.0
Dodging        | 18 22 27 | 27.0
Unarmed Combat | 19 27 | 27.0
Armour         | 11 27 | 27.0
Invocations    | 21 27 | 27.0
Stealth        | 27 | 27.0
Spellcasting   | 20 27 | 27.0

Action                   |  1- 3 |  4- 6 |  7- 9 | 10-12 | 13-15 | 16-18 | 19-21 | 22-24 | 25-27 || total
-------------------------+-------+-------+-------+-------+-------+-------+-------+-------+-------++-------
Melee: Executioner's axe |     1 |       |       |     1 |     3 |     5 |     7 |     9 |    38 ||    64
  Use: Potion            |       |       |       |       |       |       |       |       |     1 ||     1
Armor: Leather armour    |       |       |       |       |       |       |       |       |     1 ||     1
Dodge: Dodged            |       |       |       |       |       |       |       |       |     5 ||     5
